 Dungeon Crawl Stone Soup version 0.18.1-8-gdd0e5ea (webtiles) character file.

342 Scarto the Skirmisher (level 6, 0/39 HPs)
             Began as a Gargoyle Fighter on June 2, 2016.
             Was a Follower of Qazlal.
             Slain by an orc
             ... wielding a +0 hand axe
              (1 damage)
             ... on level 4 of the Dungeon.
             The game lasted 00:05:39 (2295 turns).

Scarto the Skirmisher (Gargoyle Fighter)            Turns: 2295, Time: 00:05:40

Health: 0/39       AC: 14    Str: 22    XL:     6   Next: 57%
Magic:  7/7        EV:  7    Int:  8    God:    Qazlal [*.....]
Gold:   219        SH: 11    Dex:  7    Spells: 0 memorised, 5 levels left

rFire  . . .     SeeInvis .     a - +0 flail
rCold  . . .     Gourm    .     b - +0 scale mail
rNeg   + . .     Faith    .     c - +0 shield
rPois  ∞         Spirit   .     (no helmet)
rElec  +         Dismiss  .     p - +2 cloak
rCorr  .         Reflect  .     (no gloves)
SustAt .         Harm     .     (no boots)
MR     .....                    (no amulet)
Stlth  ..........               (no ring)
                                (no ring)

@: not resistant to hostile enchantments, extremely unstealthy
A: clumsy 1, deterioration 1, negative energy resistance 1, electricity
resistance, unbreathing, petrification resistance, rot immunity, AC +4
a: Renounce Religion


You were on level 4 of the Dungeon.
You worshipped Qazlal.
Qazlal was aware of your devotion.
You were hungry.

You visited 1 branch of the dungeon, and saw 4 of its levels.

You collected 219 gold pieces.

Inventory:

Hand Weapons
 a - a +0 flail (weapon)
Armour
 b - a +0 scale mail (worn)
 c - a +0 shield (worn)
 p - a +2 cloak (worn)
Wands
 d - a wand of teleportation (3/9)
Scrolls
 i - a scroll of enchant weapon {unknown}
 j - 2 scrolls of amnesia
 k - a scroll of fear
 n - a scroll of recharging
 o - a scroll of identify
 x - 2 scrolls of remove curse
Potions
 e - 2 potions of magic
 g - 2 potions of brilliance {unknown}
 l - a potion of agility {unknown}
 q - 2 potions of curing
 r - a potion of cancellation {unknown}
 z - 2 potions of flight {unknown}
Comestibles
 f - 3 bread rations
 h - a beef jerky
 m - a royal jelly
 w - 3 meat rations


   Skills:
 + Level 4.5 Fighting
 + Level 3.7 Maces & Flails
 + Level 4.5 Armour
 + Level 4.4 Shields
 + Level 2.5 Invocations


You had 5 spell levels left.
You didn't know any spells.

Dungeon Overview and Level Annotations

Branches:
Dungeon (4/15)
 Temple: D:4-7

Altars:
Qazlal
Trog
Vehumet


Innate Abilities, Weirdness & Mutations

You are resistant to torment.
Your stone body is resilient (AC +4).
You are immune to poison.
You resist negative energy.
You are resistant to electric shocks.
You can survive without breathing.
You are immune to petrification.
You are immune to rotting.
You are clumsy. (Dex -2)
Your body sometimes deteriorates upon taking damage.


Message History

The orc hits you with a hand axe.
The centaur skeleton hits you but does no damage.
The ogre closely misses you.
Drink which item? (? for menu, Esc to quit)
You feel better.
You block the centaur skeleton's attack.
You block the orc's attack. The ogre hits you with a giant club!
The centaur skeleton barely misses you.
You hit the ogre.
The ogre is moderately wounded.
You block the orc's attack.
You block the centaur skeleton's attack.
The ogre hits you with a giant club!
* * * LOW HITPOINT WARNING * * *
The orc hits you but does no damage.
You hit the ogre.
The ogre is moderately wounded.
The centaur skeleton barely misses you. x2; The ogre closely misses you.
The orc hits you with a hand axe.
You die...

#..# #..# .####
#####..# ....##
###.....#
###...#####...<..#
##.......##.......#
##........#........#
#.....O§...........#
.....oo@...........#
......Z§§..#######.#
...........# .#
......$...## .#
..........#
.....%...##
........## .<.....#.
...#


You could see an ogre, 2 orcs and a centaur skeleton.

Vanquished Creatures
  The ghost of Statics the Skirmisher, an amateur DrCK of Xom (D:3)
  Ijyb (D:2)
  3 gnolls (D:3)
  6 adders
  2 worms
  3 dart slugs
  4 giant geckos
  2 orcs (D:3)
  A ball python (D:1)
  3 bats
  2 giant cockroaches (D:2)
  5 hobgoblins
  7 jackals
  7 kobolds
  3 quokkas
  2 giant newts
  16 goblins
  6 rats
74 creatures vanquished.

Notes
Turn   | Place    | Note
--------------------------------------------------------------
     0 | D:1      | Scarto the Gargoyle Fighter began the quest for the Orb.
     0 | D:1      | Reached XP level 1. HP: 14/14 MP: 1/1
   168 | D:1      | Reached XP level 2. HP: 7/19 MP: 2/2
   555 | D:1      | Reached XP level 3. HP: 24/24 MP: 3/3
   724 | D:2      | Found a stormy altar of Qazlal.
   743 | D:2      | Became a worshipper of Qazlal Stormbringer
   925 | D:2      | Noticed Ijyb
   947 | D:2      | Killed Ijyb
   947 | D:2      | Reached XP level 4. HP: 20/29 MP: 4/4
  1096 | D:2      | Reached skill level 1 in Invocations
  1290 | D:2      | Reached * piety under Qazlal
  1405 | D:3      | Gained mutation: Your body sometimes deteriorates upon taking damage. [potion of mutation]
  1405 | D:3      | Gained mutation: Your large and strong wings let you fly indefinitely. [potion of mutation]
  1405 | D:3      | Gained mutation: Your flesh is heat resistant. [potion of mutation]
  1406 | D:3      | Lost mutation: Your large and strong wings let you fly indefinitely. [potion of mutation]
  1406 | D:3      | Gained mutation: You are clumsy. (Dex -2) [potion of mutation]
  1406 | D:3      | Lost mutation: Your flesh is heat resistant. [potion of mutation]
  1432 | D:3      | Reached XP level 5. HP: 27/33 MP: 4/6
  1725 | D:3      | Noticed Statics's ghost (amateur DrCK)
  1751 | D:3      | Killed Statics's ghost
  1751 | D:3      | Reached XP level 6. HP: 18/39 MP: 7/7
  1867 | D:3      | Found a bloodstained altar of Trog.
  2133 | D:3      | Found a radiant altar of Vehumet.
  2294 | D:4      | HP: 1/39 [ogre/giant club (15)]
  2295 | D:4      | Slain by an orc

Skill      XL: |  1  2  3  4  5 |
---------------+----------------+-----
Fighting       | 4 |  4.5
Invocations    | 1 2 |  2.5
Maces & Flails | 3 |  3.7
Armour         | 4 |  4.5
Shields        | 4 |  4.4

Action                   |  1- 3 |  4- 6 || total
-------------------------+-------+-------++-------
Melee: Flail             |   145 |   208 ||   353
  Use: Scroll            |       |    12 ||    12
       Potion            |       |     4 ||     4
  Eat: Bread ration      |       |     1 ||     1
Armor: Scale mail        |    86 |   130 ||   216
Dodge: Dodged            |    67 |    66 ||   133
Block: Shield            |   106 |   155 ||   261
